Map: Sanctuary III LE

Players

liquidclem (Clem) - Winner!

  • Race: Terran Terran
  • League: Grandmaster
  • Spawn Location: 7:00

Krystianer

  • Race: Protoss Protoss
  • League: Grandmaster
  • Spawn Location: 1:00

Event: HomeStory Cup XXIX

VOD

Have the link to the VOD?

Description

Time

  • Played on: July 5, 2026, 8:35 a.m.
  • Length: 7:55

All games in this series

Show
View Real Time Build Order
Export as new Build Order

liquidclem Terran - Winner!

Build Orders:  

Get SALT Encoding   

  8  0:00  SCV  
  9  0:12  SCV  
  10  0:24  SCV  
  10  0:27  Supply Depot  
  11  0:36  SCV  
  12  0:48  SCV  
  13  0:53  Barracks  
  13  1:00  SCV  
  14  1:05  Refinery  
  14  1:12  SCV  
  15  1:25  SCV  
  17  1:41  Orbital Command  
  17  1:43  Marine  
  17  2:01  Barracks Reactor  
  17  2:08  SCV  
  18  2:15  Command Center  
  18  2:20  SCV  
  19  2:25  Supply Depot  
  19  2:32  SCV  
  20  2:38  Factory  
  20  2:44  SCV  
  20  2:47  Marine  
  20  2:50  Marine  
  23  2:56  SCV  
  23  2:57  Refinery  
  24  3:04  Marine  
  25  3:07  Marine  
  25  3:08  SCV  
  27  3:21  SCV  
  27  3:22  Factory Tech Lab, Starport  
  28  3:29  Orbital Command  
  28  3:33  SCV  
  28  3:34  Marine  
  29  3:37  Marine  
  31  3:45  SCV  
  31  3:47  Factory Tech Lab  
  32  3:52  Supply Depot  
  32  3:54  SCV  
  33  3:57  SCV, Marine x2  
  36  4:05  Raven  
  36  4:06  SCV  
  36  4:09  SCV  
  40  4:13  Siege Tank  
  43  4:17  Supply Depot  
  43  4:18  SCV  
  43  4:21  SCV  
  45  4:25  Marine x2  
  47  4:32  SCV  
  47  4:33  SCV  
  47  4:35  Barracks  
  47  4:43  Marine x2  
  47  4:44  Banshee  
  43  4:53  Siege Tank  
  43  4:56  SCV  
  46  5:03  Marine  
  47  5:08  SCV  
  47  5:11  Marine  
  48  5:14  Orbital Command  
  48  5:16  Supply Depot  
  48  5:20  SCV  
  49  5:22  Marine x2  
  49  5:28  Siege Tank  
  49  5:31  Marine  
  49  5:33  SCV  
  54  5:39  SCV  
  54  5:42  Marine x2  
  56  5:45  Banshee  
  56  5:49  SCV  
  61  5:52  SCV  
  61  5:54  Marine  
  63  6:01  Siege Tank  
  66  6:05  Supply Depot  
  66  6:06  Marine, SCV x2  
  66  6:08  Marine  
  66  6:11  Supply Depot  
  70  6:16  Marine  
  70  6:17  Refinery  
  72  6:18  SCV x2  
  72  6:24  Marine, Supply Depot  
  74  6:28  Medivac  
  74  6:30  Marine  
  74  6:32  SCV  
  78  6:34  SCV  
  79  6:43  Siege Tank  
  79  6:44  SCV  
  79  6:46  SCV, Marine  
  85  6:49  Marine  
  85  6:54  Supply Depot  
  85  6:56  SCV  
  85  6:58  SCV  
  85  6:59  Marine  
  87  7:02  Banshee  
  87  7:06  Refinery  
  90  7:10  SCV, Supply Depot  
  90  7:14  Marine x2  
  93  7:20  Bunker  
  93  7:22  Siege Tank  
  96  7:27  Marine  
  97  7:30  SCV  
  97  7:31  Supply Depot  
  97  7:34  SCV  
  98  7:37  Marine  
  98  7:43  SCV  
Show
View Real Time Build Order
Export as new Build Order

Krystianer Protoss 

Build Orders:  

Get SALT Encoding   

  8  0:00  Probe (Chrono Boost)  
  9  0:12  Probe (Chrono Boost)  
  10  0:19  Probe (Chrono Boost)  
  11  0:26  Probe  
  12  0:31  Pylon  
  12  0:38  Probe  
  13  0:50  Probe  
  13  0:53  Gateway  
  14  1:03  Probe (Chrono Boost)  
  15  1:04  Assimilator  
  16  1:12  Probe (Chrono Boost)  
  16  1:17  Probe (Chrono Boost)  
  17  1:29  Probe  
  18  1:41  Probe  
  18  1:46  Nexus  
  19  1:56  Cybernetics Core  
  19  2:00  Probe  
  20  2:07  Pylon  
  19  2:12  Probe  
  20  2:15  Assimilator  
  20  2:24  Probe  
  20  2:29  Warp Gate (Chrono Boost)  
  21  2:31  Stalker (Chrono Boost)  
  21  2:36  Probe  
  24  2:50  Stalker  
  27  2:56  Gateway  
  26  3:02  Gateway  
  26  3:05  Probe  
  26  3:09  Probe  
  28  3:17  Stalker  
  30  3:20  Probe  
  30  3:23  Probe  
  32  3:32  Probe  
  32  3:35  Probe  
  33  3:44  Probe  
  33  3:47  Probe  
  35  3:58  Pylon  
  35  4:04  Stalker x2  
  35  4:06  Stalker  
  42  4:16  Probe  
  42  4:28  Stalker x3  
  48  4:32  Pylon  
  48  4:34  Probe  
  48  4:35  Probe  
  46  4:52  Stalker x2  
  51  4:54  Stalker  
  51  4:57  Pylon, Probe  
  53  5:00  Probe  
  54  5:10  Probe  
  54  5:16  Stalker, Twilight Council  
  54  5:18  Stalker  
  57  5:23  Probe  
  57  5:25  Adept  
  57  5:27  Probe  
  61  5:33  Pylon  
  61  5:35  Probe  
  62  5:39  Probe  
  61  5:45  Blink (Chrono Boost)  
  61  5:47  Probe  
  62  5:51  Probe  
  57  5:58  Assimilator  
  57  5:59  Shield Battery, Probe  
  57  6:03  Pylon, Probe  
  59  6:11  Probe, Robotics Facility  
  60  6:16  Probe  
  61  6:19  Nexus  
  61  6:23  Pylon  
  61  6:26  Shield Battery  
  61  6:27  Probe (Chrono Boost)  
  61  6:31  Probe (Chrono Boost)  
  63  6:39  Probe (Chrono Boost)  
  64  6:42  Probe (Chrono Boost)  
  64  6:43  Stalker x2  
  64  6:45  Stalker  
  69  6:51  Pylon  
  69  7:00  Immortal (Chrono Boost)  
  73  7:07  Stalker x3  
  79  7:13  Probe x2  
  80  7:21  Pylon  
  64  7:38  Stalker x3  
  64  7:41  Probe x2  
Tags
 
Add a new tag
Caveats
  • Supply blocks, unpowered buildings, or Contaminate may cause inaccurate times.
  • Supply counts are checked every 10 seconds.